[Event "Titled Tuesday Blitz February 22 Late 2022"]
[White "Jimenez Almeida, Luis David"]
[Black "Saveliev, Alexei"]
[WhiteFideId "22242244"]
[BlackFideId "24128546"]
[WhiteElo "2092"]
[BlackElo "2281"]
[Result "0-1"]
[Round "04"]
[TimeControl "180+1"]
[Date "2022.02.23"]
[WhiteClock "0:00:18"]
[BlackClock "0:01:13"]

1. d4 g6 2. Nf3 Bg7 3. Bg5 d6 4. Nbd2 Nc6 5. c3 Nf6 6. e4 O-O 7. Bc4 e5 8. d5 Ne7 9. h3 h6 10. Bh4 Nh5 11. Nf1 Nf4 12. Ne3 g5 13. Bg3 f5 14. exf5 Nxf5 15. Nxf5 Bxf5 16. Bxf4 gxf4 17. Qb3 Rb8 18. Nd2 e4 19. O-O-O b5 20. Be2 a5 21. Bg4 Bg6 22. Qc2 b4 23. c4 a4 24. Qxa4 b3 25. Nxb3 Qf6 26. Be6+ Kh8 27. Rd2 e3 28. fxe3 fxe3 29. Re2 Qf1+ 0-1


[Site "https://www.chess.com"]

[Event "Titled Tuesday Blitz February 22 Late 2022"]
[White "Jobava, Baadur"]
[Black "Nesterov, Arseniy"]
[WhiteFideId "13601520"]
[BlackFideId "24198455"]
[WhiteElo "2617"]
[BlackElo "2489"]
[Result "1-0"]
[Round "04"]
[TimeControl "180+1"]
[Date "2022.02.22"]
[WhiteClock "0:00:04"]
[BlackClock "0:00:03"]

1. d4 d5 2. c4 e6 3. Nc3 Nf6 4. Bf4 Bd6 5. e3 Bxf4 6. exf4 O-O 7. Nf3 dxc4 8. Bxc4 b6 9. O-O Bb7 10. Re1 Nc6 11. Rc1 Ne7 12. Ne5 Nf5 13. Nxf7 Rxf7 14. Bxe6 Nxd4 15. Bxf7+ Kxf7 16. b4 Rc8 17. Qa4 Qd7 18. Qxd7+ Nxd7 19. Rcd1 c5 20. bxc5 bxc5 21. Nb5 Rc6 22. Nxd4 cxd4 23. Rxd4 Nb6 24. f3 Rc2 25. a3 Ra2 26. Re3 Bd5 27. h3 g6 28. Kh2 h5 29. h4 Bc4 30. Rd1 Kf6 31. Kg3 Kf7 32. Rc3 Ke7 33. Rdc1 Kd6 34. Rxc4 Nxc4 35. Rxc4 Rxa3 36. Rc8 Ke6 37. Ra8 Kf6 38. Kh3 Ra1 39. Rf8+ Kg7 40. Rb8 Kf6 41. Rb7 Ra3 42. Rb5 a6 43. Rb8 a5 44. Kg3 Kf7 45. Rb6 Ra4 46. Ra6 Kg7 47. Ra7+ Kf6 48. Ra8 Kf7 49. Ra6 Kg7 50. Kh3 Kf7 51. g3 Ra1 52. g4 Ra3 53. Kg2 Ra2+ 54. Kg3 Ra3 55. f5 gxf5 56. gxh5 Kg7 57. Kf4 Ra4+ 58. Kg5 f4 59. Ra7+ Kf8 60. h6 Rb4 61. h7 Rb5+ 62. Kg4 1-0


[Site "https://www.chess.com"]

[Event "Titled Tuesday Blitz February 22 Late 2022"]
[White "Kamsky, Gata"]
[Black "Nakamura, Hikaru"]
[WhiteFideId "2000024"]
[BlackFideId "2016192"]
[WhiteElo "2645"]
[BlackElo "2850"]
[Result "1/2-1/2"]
[Round "04"]
[TimeControl "180+1"]
[Date "2022.02.22"]
[WhiteClock "0:00:18"]
[BlackClock "0:00:11"]

1. d4 Nf6 2. Nf3 d5 3. Bf4 e6 4. e3 Bd6 5. Nbd2 c5 6. Bb5+ Nc6 7. Bxc6+ bxc6 8. Bxd6 Qxd6 9. c3 a5 10. O-O a4 11. b3 O-O 12. Qc2 Ba6 13. Rfe1 cxd4 14. cxd4 axb3 15. Nxb3 Nd7 16. a4 Rfb8 17. Rec1 Bc4 18. Nbd2 Rb4 19. Rcb1 h6 20. h3 Ra6 21. a5 Rxb1+ 22. Qxb1 c5 23. Nxc4 dxc4 24. Qb5 c3 25. dxc5 Nxc5 26. Qc4 Rc6 27. Nd4 Rc8 28. Qxc3 Qd7 29. Nf3 Na6 30. Qb3 Qd6 31. Rd1 Qc6 32. Ne5 Qc7 33. Qb5 Rb8 34. Qxa6 Qxe5 35. Qd6 Qxd6 36. Rxd6 Rb1+ 37. Kh2 Ra1 38. a6 g5 39. Rd8+ Kg7 40. Ra8 Ra2 41. Kg3 Kf6 42. Kf3 Kf5 43. g4+ Ke5 44. Kg3 Kf6 45. f4 Ra3 46. Kf3 gxf4 47. Kxf4 Ra4+ 48. Kf3 Ke5 49. h4 Kf6 50. h5 Kg7 51. e4 e5 52. Ke3 Ra3+ 53. Kd2 Kf6 54. a7 Kg7 55. Kc2 f6 56. Kb2 Ra6 57. Kb3 Ra1 58. Kc4 Ra2 59. Kb5 Ra1 60. Kb6 Rb1+ 61. Kc6 Rc1+ 62. Kd6 Ra1 63. Rd8 Ra6+ 64. Ke7 Rxa7+ 65. Rd7 Ra6 66. Ke8+ Kg8 67. Ke7 Kg7 68. Ke8+ Kg8 69. Ke7 Kg7 1/2-1/2


[Site "https://www.chess.com"]

[Event "Titled Tuesday Blitz February 22 Late 2022"]
[White "Karas, Marek"]
[Black "Shahaliyev, Ismayil"]
[WhiteFideId "14928558"]
[BlackFideId "13406388"]
[WhiteElo "2270"]
[BlackElo "2105"]
[Result "1-0"]
[Round "04"]
[TimeControl "180+1"]
[Date "2022.02.23"]
[WhiteClock "0:00:35"]
[BlackClock "0:00:03"]

1. d4 Nf6 2. Nf3 e6 3. c4 c5 4. g3 d5 5. Bg2 Nc6 6. O-O dxc4 7. dxc5 Qxd1 8. Rxd1 Bxc5 9. Nbd2 c3 10. bxc3 O-O 11. Nb3 Be7 12. Bf4 Nd5 13. c4 Nxf4 14. gxf4 a5 15. Ne5 Nxe5 16. fxe5 a4 17. Nd4 a3 18. Nb5 Ra4 19. Rac1 Bc5 20. e3 b6 21. Nd6 Ba6 22. Nb5 g6 23. Rd7 Rxc4 24. Rxc4 Bxb5 25. Rxc5 bxc5 26. Ra7 Rd8 27. Be4 Bd3 28. Bxd3 Rxd3 29. Ra5 c4 30. Kg2 c3 31. Rxa3 Kg7 32. Ra7 Rd2 33. Rc7 Rxa2 34. Rxc3 g5 35. Kg3 Kg6 36. f4 gxf4+ 37. exf4 Kf5 38. Rc7 Ra3+ 39. Kg2 Kg6 40. Rb7 h5 41. Rc7 h4 42. Rb7 h3+ 43. Kf2 Rc3 44. Ra7 Rc4 45. Kg3 Rc3+ 46. Kg4 Rd3 47. Ra8 Kg7 48. Ra2 f5+ 49. Kg5 Kf7 50. Ra7+ Ke8 51. Kf6 Rd2 52. Kxe6 Kd8 53. Kxf5 Rxh2 54. Rh7 Rh1 55. Ke6 h2 56. f5 Kc8 57. f6 Kd8 58. f7 Rf1 59. Rxh2 1-0


[Site "https://www.chess.com"]

[Event "Titled Tuesday Blitz February 22 Late 2022"]
[White "Kim, Sergey"]
[Black "Aigner, Michael"]
[WhiteFideId "13700570"]
[BlackFideId "2017288"]
[WhiteElo "2628"]
[BlackElo "2409"]
[Result "1-0"]
[Round "04"]
[TimeControl "180+1"]
[Date "2022.02.23"]
[WhiteClock "0:01:01"]
[BlackClock "0:00:40"]

1. d4 d5 2. c4 c6 3. Nf3 Nf6 4. Qc2 e6 5. Nbd2 Nbd7 6. g3 Be7 7. Bg2 O-O 8. O-O b6 9. e4 dxe4 10. Nxe4 Bb7 11. Rd1 Qc8 12. Bf4 Nxe4 13. Qxe4 c5 14. d5 Nf6 15. Qe2 Re8 16. Bh3 Bf8 17. Qd3 Nxd5 18. cxd5 Bxd5 19. Ng5 g6 20. Bg2 Bxg2 21. Kxg2 Bg7 22. Rab1 Qb7+ 23. Qe4 Qa6 24. a3 Rad8 25. h4 h6 26. Nf3 Qb5 27. Be5 Qb3 28. Rxd8 Rxd8 29. Bxg7 Kxg7 30. Qe5+ Kh7 31. Qf6 Rd7 32. Ne5 Qd5+ 33. Kg1 Rc7 34. Nxf7 Qf5 35. Qh8# 1-0


[Site "https://www.chess.com"]

[Event "Titled Tuesday Blitz February 22 Late 2022"]
[White "Kobalia, Mikhail"]
[Black "Sevian, Samuel"]
[WhiteFideId "4119150"]
[BlackFideId "2040506"]
[WhiteElo "2667"]
[BlackElo "2698"]
[Result "0-1"]
[Round "04"]
[TimeControl "180+1"]
[Date "2022.02.22"]
[WhiteClock "0:00:38"]
[BlackClock "0:02:37"]

1. e4 e5 2. Nf3 Nc6 3. Bb5 Nf6 4. O-O Nxe4 5. d4 Nd6 6. Bxc6 dxc6 7. dxe5 Nc4 8. Qxd8+ Kxd8 9. b3 Nb6 10. c4 Ke8 11. Nc3 a5 12. Be3 h6 13. Rfe1 Bb4 14. Rec1 Bf5 15. Nd4 Bh7 16. Nce2 Ba3 17. Re1 Nd7 18. Nf4 Nc5 19. e6 g5 20. Nh5 Bb2 21. Nf6+ Ke7 22. Nxh7 Bxa1 23. Bxg5+ hxg5 24. Nf5+ Ke8 0-1


[Site "https://www.chess.com"]

[Event "Titled Tuesday Blitz February 22 Late 2022"]
[White "Kohler, Aran"]
[Black "Debray, Christopher"]
[WhiteFideId "1002856"]
[BlackFideId "630810"]
[WhiteElo "2255"]
[BlackElo "2369"]
[Result "0-1"]
[Round "04"]
[TimeControl "180+1"]
[Date "2022.02.23"]
[WhiteClock "0:00:34"]
[BlackClock "0:00:26"]

1. d4 d5 2. Nf3 Nf6 3. Bg5 Ne4 4. Bh4 Bf5 5. e3 Nd7 6. Nbd2 Nxd2 7. Qxd2 Nf6 8. Bxf6 exf6 9. Bd3 Bg4 10. O-O-O c6 11. h3 Bh5 12. Rde1 Be7 13. g4 Bg6 14. e4 dxe4 15. Bxe4 O-O 16. Bxg6 hxg6 17. Kb1 Re8 18. Re3 Bd6 19. Rhe1 Qd7 20. Rxe8+ Rxe8 21. Rxe8+ Qxe8 22. Qe3 Qd8 23. c3 g5 24. d5 Bf4 25. Qxa7 Qxd5 26. Nd4 Qe4+ 27. Nc2 Qh1+ 28. Ne1 Qxe1+ 29. Kc2 Qe2+ 30. Kb3 Bc1 31. Qb8+ Kh7 32. Qc8 Qxb2+ 33. Kc4 Qxa2+ 34. Kd3 Qd5+ 35. Kc2 Qd2+ 36. Kb3 Qxf2 37. c4 Qb2+ 38. Ka4 Qa3# 0-1


[Site "https://www.chess.com"]

[Event "Titled Tuesday Blitz February 22 Late 2022"]
[White "Kollars, Dmitrij"]
[Black "Saraci, Nderim"]
[WhiteFideId "12909572"]
[BlackFideId "6351921"]
[WhiteElo "2584"]
[BlackElo "2573"]
[Result "1-0"]
[Round "04"]
[TimeControl "180+1"]
[Date "2022.02.22"]
[WhiteClock "0:00:16"]
[BlackClock "0:00:04"]

1. e4 e5 2. Nf3 Nc6 3. Bb5 a6 4. Ba4 Nf6 5. O-O d6 6. Re1 Bd7 7. c3 g6 8. d4 b5 9. Bc2 Bg7 10. h3 O-O 11. Be3 Re8 12. Nbd2 Qe7 13. a3 Qf8 14. Rc1 Bh6 15. Nf1 Nh5 16. Qd2 Bxe3 17. Nxe3 Nf6 18. Nd5 Nxd5 19. exd5 Na5 20. dxe5 Nc4 21. Qd4 Nxb2 22. e6 fxe6 23. dxe6 Bxe6 24. Rxe6 Rxe6 25. Bb3 Nc4 26. Bxc4 bxc4 27. Qxc4 Qf7 28. Qc6 Ree8 29. Rb1 Rab8 30. Rb4 a5 31. Rh4 Re7 32. Ng5 Qb3 33. Kh2 Rf8 34. f4 h5 35. a4 Rf5 36. Nf3 Qxa4 37. Qxa4 1-0


[Site "https://www.chess.com"]

[Event "Titled Tuesday Blitz February 22 Late 2022"]
[White "Kopczynski, Michal"]
[Black "Savchenko, Boris"]
[WhiteFideId "1124200"]
[BlackFideId "4147332"]
[WhiteElo "2235"]
[BlackElo "2512"]
[Result "0-1"]
[Round "04"]
[TimeControl "180+1"]
[Date "2022.02.23"]
[WhiteClock "0:00:15"]
[BlackClock "0:01:46"]

1. e4 e5 2. Nf3 Nc6 3. Bb5 a6 4. Ba4 b5 5. Bb3 Na5 6. Nxe5 Nxb3 7. axb3 Qe7 8. Nf3 Qxe4+ 9. Qe2 Qxe2+ 10. Kxe2 Bb7 11. Re1 f6 12. d4 Kf7 13. Nc3 Ne7 14. Bf4 d6 15. Kd3 g5 16. Bg3 h5 17. h4 g4 18. Nd2 Nf5 19. d5 b4 20. Nce4 Bxd5 21. Ra4 Bc6 22. Ra5 d5 23. Nc5 Nxg3 24. fxg3 Bd6 25. Rea1 Bb5+ 26. Kd4 Be5+ 27. Kxd5 Rad8+ 28. Ke4 Rxd2 29. Nxa6 Bc6+ 30. Ke3 Rxg2 31. Nxb4 Rxg3+ 32. Kf2 Rg2+ 33. Ke3 Bf3 34. Re1 Bg3 35. Rf1 Re2+ 36. Kd4 Rd8+ 37. Kc5 Re5+ 0-1


[Site "https://www.chess.com"]

[Event "Titled Tuesday Blitz February 22 Late 2022"]
[White "Kovanova, Baira"]
[Black "Hess, Robert"]
[WhiteFideId "4164083"]
[BlackFideId "2022036"]
[WhiteElo "2190"]
[BlackElo "2557"]
[Result "0-1"]
[Round "04"]
[TimeControl "180+1"]
[Date "2022.02.23"]
[WhiteClock "0:00:11"]
[BlackClock "0:00:05"]

1. e4 g6 2. d4 Bg7 3. Nf3 a6 4. Bd3 d6 5. O-O Nd7 6. c3 e6 7. Re1 Ne7 8. Nbd2 h6 9. Nf1 b6 10. Bc2 Bb7 11. a4 e5 12. Ng3 Nc6 13. Be3 Nf6 14. h3 Qe7 15. Qe2 O-O 16. Qd2 Kh7 17. Rad1 Na5 18. b3 b5 19. axb5 axb5 20. Ra1 c5 21. d5 Qc7 22. Qe2 Rfb8 23. Nd2 Ba6 24. Ra2 b4 25. c4 Ra7 26. Rea1 Bc8 27. Bd3 Rba8 28. Qd1 Qb6 29. Qb1 Bd7 30. Ne2 Nh5 31. Kh2 g5 32. g3 Nf4 33. gxf4 exf4 34. e5+ Kh8 35. Nxf4 Bxe5 36. Kg2 gxf4 37. Nf3 Bxa1 38. Qxa1+ Kg8 39. Bxf4 Nxb3 40. Rxa7 Nxa1 41. Rxa8+ Kg7 42. Rxa1 b3 43. Bc1 b2 44. Bxb2+ Qxb2 45. Ra7 Bc8 46. Bf1 Qf6 47. Nh2 Bf5 48. Ng4 Bxg4 49. hxg4 Qf4 50. f3 Qd2+ 51. Kg3 Qe1+ 52. Kg2 Kf6 53. Rd7 Qe5 54. Ra7 Kg6 55. Ra2 Kg5 56. Rf2 Kh4 57. Kh1 Qe1 58. Kg1 Kg3 59. Rh2 Qe3+ 60. Kh1 Qe1 61. Kg1 Kxf3 62. Rxh6 Qf2+ 63. Kh1 Qxf1+ 64. Kh2 Qg2# 0-1


[Site "https://www.chess.com"]

[Event "Titled Tuesday Blitz February 22 Late 2022"]
[White "Kozak, Adam"]
[Black "Golubev, Mikhail"]
[WhiteFideId "753246"]
[BlackFideId "14100983"]
[WhiteElo "2459"]
[BlackElo "2374"]
[Result "1-0"]
[Round "04"]
[TimeControl "180+1"]
[Date "2022.02.22"]
[WhiteClock "0:00:46"]
[BlackClock "0:00:02"]

1. Nf3 d6 2. g3 g6 3. Bg2 Bg7 4. O-O e5 5. c4 Nc6 6. Nc3 f5 7. d3 h6 8. Rb1 a5 9. a3 g5 10. Ne1 Nf6 11. Nc2 O-O 12. b4 axb4 13. axb4 g4 14. b5 Ne7 15. Nb4 f4 16. Ncd5 Nfxd5 17. Nxd5 Nxd5 18. cxd5 b6 19. Qc2 Rf7 20. Bb2 f3 21. Bh1 Qg5 22. Rfe1 h5 23. Bc1 Qg6 24. Rb3 h4 25. Rb4 hxg3 26. hxg3 Bf8 27. Qd1 Ra1 28. exf3 gxf3 29. Rh4 Bg4 30. Qc2 Be7 31. Rh2 Rh7 32. Rxh7 Qxh7 33. Bd2 Rxe1+ 34. Bxe1 Bg5 35. Qc4 Qd7 36. Qe4 Bf5 37. Qxf3 Kg7 38. Bg2 Kg6 39. Bf1 Qxb5 40. g4 Bd7 41. Bg2 Qb1 42. Qe2 1-0


[Site "https://www.chess.com"]

[Event "Titled Tuesday Blitz February 22 Late 2022"]
[White "Kukhmazov, Arsen"]
[Black "Deac, Bogdan-Daniel"]
[WhiteFideId "24108260"]
[BlackFideId "1226380"]
[WhiteElo "2487"]
[BlackElo "2646"]
[Result "0-1"]
[Round "04"]
[TimeControl "180+1"]
[Date "2022.02.22"]
[WhiteClock "0:00:07"]
[BlackClock "0:00:08"]

1. d4 Nf6 2. c4 e6 3. Nf3 d5 4. e3 b6 5. b3 Bb7 6. Bd3 Nbd7 7. O-O dxc4 8. bxc4 c5 9. Bb2 Be7 10. Qe2 O-O 11. Nc3 cxd4 12. exd4 Rc8 13. Rfd1 Re8 14. Rac1 Qc7 15. h3 Qb8 16. Ng5 Nf8 17. Nge4 Rcd8 18. Bb1 Ng6 19. Qe3 a6 20. Nxf6+ Bxf6 21. Ne4 Bxe4 22. Bxe4 b5 23. Bc6 Re7 24. cxb5 axb5 25. Ba3 b4 26. Bb2 Ra7 27. Qb3 Nf4 28. Rc4 Be7 29. Re1 Nd5 30. Bxd5 exd5 31. Rc2 Qa8 32. Re5 Bf8 33. Bc1 h6 34. Be3 Ra3 35. Qb1 Qa6 36. Rb2 Qc4 37. Qc2 Rc3 38. Qd2 Ra8 39. Kh2 Rca3 40. f4 Rxa2 41. Rxa2 Rxa2 42. Qe1 b3 43. Re8 b2 44. Qb1 Qb3 45. Qf5 Ra7 46. Qc8 Qb4 47. Qb8 b1=Q 48. Rxf8+ Qxf8 49. Qxb1 Qe8 50. Bf2 Re7 51. Qf5 Re2 52. Kg3 Qe4 53. Qc8+ Kh7 54. Qg4 Qd3+ 55. Qf3 Qxf3+ 56. Kxf3 Ra2 57. f5 g5 58. g4 f6 59. Be3 Ra3 60. Ke2 h5 61. Kf3 hxg4+ 62. hxg4 Kg7 63. Ke2 Kf7 64. Bf2 Ke7 65. Be1 Rb3 66. Kf2 Kd7 67. Bd2 Kc6 68. Ba5 Rb8 69. Kf3 Kd7 70. Ke3 Rb3+ 71. Kf2 Rb5 72. Bc3 Kc6 73. Be1 Kb6 74. Ke3 Rb3+ 75. Ke2 Kb5 76. Bd2 Kc4 77. Ba5 Kxd4 78. Bd8 Ke5 79. Bc7+ Ke4 80. Bd8 Rg3 81. Bxf6 Rxg4 0-1


[Site "https://www.chess.com"]

[Event "Titled Tuesday Blitz February 22 Late 2022"]
[White "Kushko, Dmitriy"]
[Black "Weber, Samuel"]
[WhiteFideId "14162261"]
[BlackFideId "12924008"]
[WhiteElo "2225"]
[BlackElo "2215"]
[Result "1-0"]
[Round "04"]
[TimeControl "180+1"]
[Date "2022.02.23"]
[WhiteClock "0:00:58"]
[BlackClock "0:01:49"]

1. Nf3 Nf6 2. g3 g6 3. Bg2 Bg7 4. c4 O-O 5. O-O d6 6. d4 Nbd7 7. Nc3 Re8 8. e4 e5 9. h3 exd4 10. Nxd4 Nc5 11. Re1 a5 12. Ndb5 Bd7 13. Bf4 Qc8 14. Kh2 Nh5 15. Be3 f5 16. exf5 Bc6 17. fxg6 hxg6 18. Qc2 Bxg2 19. Kxg2 Kh7 20. Nd5 Rf8 21. Ne7 Qe6 22. Bxc5 Qf7 23. Bd4 c6 24. Nxd6 Qf3+ 25. Kg1 Bxd4 26. Qxg6+ Kh8 27. Qh6# 1-0


[Site "https://www.chess.com"]

[Event "Titled Tuesday Blitz February 22 Late 2022"]
[White "Le Goff, Ronan"]
[Black "Lopez Del Alamo, Antonio"]
[WhiteFideId "612073"]
[BlackFideId "2227339"]
[WhiteElo "2276"]
[BlackElo "2082"]
[Result "1/2-1/2"]
[Round "04"]
[TimeControl "180+1"]
[Date "2022.02.23"]
[WhiteClock "0:00:07"]
[BlackClock "0:00:06"]

1. d4 Nf6 2. Nc3 d5 3. Bf4 e6 4. Nb5 Na6 5. e3 c6 6. Nc3 Bd6 7. Bg5 Nc7 8. f4 h6 9. Bh4 g5 10. fxg5 Nh7 11. Nf3 Nxg5 12. Bxg5 hxg5 13. Bd3 g4 14. Ne5 Bxe5 15. dxe5 Qg5 16. Qe2 Bd7 17. O-O-O O-O-O 18. Kb1 Rdg8 19. e4 d4 20. Na4 Qxe5 21. b3 c5 22. Nb2 Kb8 23. Nc4 Qg5 24. e5 Nd5 25. Qf2 Nc3+ 26. Kb2 Nxd1+ 27. Rxd1 Rxh2 28. Qxf7 Qg7 29. Qf2 Bc6 30. Na5 Bd5 31. Bf1 Qxe5 32. Re1 Qc7 33. Nc4 Bxc4 34. Bxc4 g3 35. Qf3 Qc6 36. Qf4+ Qc7 37. Qf3 a6 38. Rxe6 Rhh8 39. a4 Rf8 40. Qe4 Rf4 41. Qe1 Rd8 42. Qxg3 d3 43. Bxd3 Ka7 44. a5 Rdf8 45. Rb6 c4 46. Be2 c3+ 47. Qxc3 Qxc3+ 48. Kxc3 Rf2 49. Bf3 R2xf3+ 50. gxf3 Rxf3+ 51. Kb2 Rf5 52. b4 Rf4 53. c3 Rf5 54. Kb3 Rf4 55. Rh6 Rf5 56. Rh4 Rf3 57. Re4 Rf5 58. Kc4 Rf3 59. Kd4 Rf5 60. Rh4 Rg5 61. c4 Rf5 62. Re4 Rg5 63. Re5 Rg4+ 64. Kc5 Rg6 65. b5 axb5 66. cxb5 b6+ 67. axb6+ Kb7 68. Re7+ Kb8 69. Rh7 Rf6 70. b7 Rg6 71. Rd7 Rf6 72. Kb4 Rg6 73. Ka5 Rf6 74. Rh7 Rg6 75. b6 Rg1 76. Ka6 Ra1+ 77. Kb5 Ra5+ 78. Kc6 Rc5+ 79. Kd6 Rd5+ 80. Ke6 Re5+ 81. Kxe5 1/2-1/2


[Site "https://www.chess.com"]

[Event "Titled Tuesday Blitz February 22 Late 2022"]
[White "Lehtosaari, Mauri"]
[Black "Roque Sola, Gisela"]
[WhiteFideId "501999"]
[BlackFideId "5120241"]
[WhiteElo "2441"]
[BlackElo "1863"]
[Result "1-0"]
[Round "04"]
[TimeControl "180+1"]
[Date "2022.02.23"]
[WhiteClock "0:00:06"]
[BlackClock "0:00:06"]

1. d4 e6 2. Nf3 Nf6 3. Bg5 Be7 4. Nbd2 c5 5. e3 Nc6 6. c3 O-O 7. Bd3 b6 8. O-O Bb7 9. Qe2 d6 10. Rac1 h6 11. Bh4 Nd5 12. Bxe7 Qxe7 13. a3 a6 14. Rfe1 cxd4 15. cxd4 Rfc8 16. Bb1 Na5 17. b4 Nc6 18. Qd3 Nf6 19. h3 Na7 20. e4 Rxc1 21. Rxc1 e5 22. dxe5 dxe5 23. Qe3 Nb5 24. Qxb6 Nxa3 25. Rc7 Qd8 26. Qxb7 Nxb1 27. Nxb1 Rb8 28. Qa7 Ra8 29. Qc5 Qd1+ 30. Kh2 Qxb1 31. Qxe5 Qxe4 32. Qxe4 Nxe4 33. Ne5 Nd6 34. Rd7 Nb5 35. Nxf7 Rb8 36. Ne5 Nc3 37. Ra7 Rb5 38. Ng4 Rxb4 39. Rxa6 Nd5 40. Ra8+ Kh7 41. g3 Rb2 42. Kg2 h5 43. Ne5 Ne3+ 44. Kf3 Nd1 45. Nd3 Rd2 46. Ke4 Nxf2+ 47. Nxf2 Rxf2 48. Ra5 g6 49. h4 Rb2 50. Kf4 Kh6 51. Ra6 Rb4+ 52. Kf3 Rb3+ 53. Kg2 Kg7 54. Kh3 Kf7 55. Ra7+ Kf6 56. Ra6+ Kf5 57. Ra5+ Ke4 58. Rg5 Rb6 59. g4 hxg4+ 60. Kxg4 Ke3 61. Re5+ Kd4 62. Re1 Rf6 63. Kg5 Rb6 64. Rf1 Ke5 65. Rf8 Rc6 66. Re8+ Kd6 67. Rg8 Ke7 68. Rxg6 Rc5+ 69. Kh6 Kf7 70. h5 Rc2 71. Rg1 Rf2 72. Kh7 Rc2 73. Rf1+ Ke8 74. h6 Rg2 75. Kh8 Ke7 76. Ra1 Kf7 77. Ra7+ Kf8 78. Rg7 Rh2 79. h7 Rh1 80. Rg8+ 1-0


[Site "https://www.chess.com"]

[Event "Titled Tuesday Blitz February 22 Late 2022"]
[White "Leitao, Rafael"]
[Black "Tomiello, Mateus Costamilan"]
[WhiteFideId "2101246"]
[BlackFideId "22701958"]
[WhiteElo "2609"]
[BlackElo "1975"]
[Result "0-1"]
[Round "04"]
[TimeControl "180+1"]
[Date "2022.02.23"]
[WhiteClock "0:00:15"]
[BlackClock "0:01:05"]

1. c4 e5 2. Nc3 Nf6 3. Nf3 Nc6 4. e4 Bb4 5. d3 d6 6. a3 Bc5 7. b4 Bb6 8. Be3 a5 9. Bxb6 cxb6 10. b5 Ne7 11. g3 O-O 12. Bg2 Be6 13. O-O Nd7 14. Ng5 Nc5 15. f4 h6 16. Nf3 Bg4 17. h3 Bxf3 18. Bxf3 Ne6 19. Ne2 Qc7 20. Qd2 Qc5+ 21. Kg2 Nd4 22. Nxd4 Qxd4 23. Rad1 a4 24. Qf2 Qc3 25. Qxb6 Qxa3 26. Qxb7 Rfe8 27. Qc7 Qb2+ 28. Rf2 Qd4 29. fxe5 dxe5 30. Ra2 Ra7 31. Qxa7 Qxa7 32. Rda1 Qd4 33. Rxa4 Qxd3 34. R1a2 Rd8 35. b6 Qe3 36. b7 Nc6 37. Ra8 Nb8 38. Re2 Qb6 39. Raa2 Qxb7 40. Red2 Rxd2+ 41. Rxd2 Nc6 42. c5 Nd4 43. Kf2 Qb4 44. Rd3 Qxc5 0-1


[Site "https://www.chess.com"]

[Event "Titled Tuesday Blitz February 22 Late 2022"]
[White "Lenderman, Aleksandr"]
[Black "Sviridov, Valery"]
[WhiteFideId "2021285"]
[BlackFideId "4120680"]
[WhiteElo "2651"]
[BlackElo "2454"]
[Result "1/2-1/2"]
[Round "04"]
[TimeControl "180+1"]
[Date "2022.02.22"]
[WhiteClock "0:00:39"]
[BlackClock "0:00:33"]

1. b3 Nf6 2. Bb2 g6 3. g3 Bg7 4. Bg2 O-O 5. Nf3 c5 6. O-O Nc6 7. c4 d6 8. d4 Bf5 9. dxc5 dxc5 10. Ne5 Nxe5 11. Bxe5 Qxd1 12. Rxd1 Rad8 13. Nc3 Bc8 14. Nb5 a6 15. Na7 Bg4 16. Bxb7 Bxe2 17. Rxd8 Rxd8 18. Nc6 Rd7 19. Bc8 Rd2 20. Bxa6 Bf3 21. Nxe7+ Kf8 22. Nd5 Ne4 23. Bxg7+ Kxg7 24. Rf1 Rxa2 25. Bb7 Nd2 26. Re1 Bxd5 27. Bxd5 Kf8 28. Re3 Rb2 29. Re2 Rb1+ 30. Kg2 Nxb3 31. Ra2 Ra1 32. Rb2 Ra3 33. h4 h6 34. Kh3 Kg7 35. f3 f5 36. Re2 Nd4 37. Re7+ Kh8 38. f4 h5 39. Kg2 Ra2+ 40. Kf1 Ra3 41. Kf2 Ra2+ 42. Kf1 Ra3 43. Kf2 Rb3 44. Re8+ Kg7 45. Re7+ Kh8 46. Re8+ Kg7 47. Re7+ Kh8 1/2-1/2


[Site "https://www.chess.com"]

[Event "Titled Tuesday Blitz February 22 Late 2022"]
[White "Lewicki, Miroslaw"]
[Black "Araujo Filho, Luiz Antonio Coel"]
[WhiteFideId "1113380"]
[BlackFideId "2130661"]
[WhiteElo "2283"]
[BlackElo "2208"]
[Result "0-1"]
[Round "04"]
[TimeControl "180+1"]
[Date "2022.02.23"]
[WhiteClock "0:00:09"]
[BlackClock "0:00:02"]

1. g3 f5 2. Bg2 Nf6 3. Nf3 g6 4. O-O Bg7 5. c4 O-O 6. d4 d6 7. Nc3 Nc6 8. Re1 e5 9. d5 Ne7 10. b3 h6 11. Bb2 g5 12. Qc2 f4 13. Rad1 Bf5 14. Qc1 Qd7 15. c5 Bh3 16. c6 bxc6 17. dxc6 Qc8 18. Bh1 Ng6 19. e4 fxg3 20. fxg3 Bg4 21. Rf1 Qa6 22. Nd5 Nxe4 23. Qc2 Bf5 24. g4 Bxg4 25. Qxe4 Nf4 26. Ne7+ Kh8 27. Nxg5 hxg5 28. Rxf4 Rxf4 29. Ng6+ Kg8 30. Nxf4 gxf4 31. Bf3 Bxf3 32. Qxf3 Rf8 33. Rd2 Qxa2 34. Qd5+ Kh8 35. Bxe5 Qb1+ 36. Rd1 Qg6+ 37. Kh1 dxe5 38. Rg1 Qd6 39. Qe4 Rf6 40. Qf3 Rh6 41. Rd1 Qf6 42. Rd7 Qh4 43. Qe2 f3 44. Qd2 f2 45. Rd8+ Kh7 46. Qd3+ Rg6 47. Rd7 f1=Q+ 48. Qxf1 Qe4+ 0-1


[Site "https://www.chess.com"]

[Event "Titled Tuesday Blitz February 22 Late 2022"]
[White "Lewtak, Damian"]
[Black "Hambleton, Aman"]
[WhiteFideId "1141724"]
[BlackFideId "2606577"]
[WhiteElo "2361"]
[BlackElo "2552"]
[Result "1-0"]
[Round "04"]
[TimeControl "180+1"]
[Date "2022.02.23"]
[WhiteClock "0:00:16"]
[BlackClock "0:00:02"]

1. e4 b6 2. d4 Bb7 3. Bd3 e6 4. Nc3 Nf6 5. Nf3 Bb4 6. e5 Ne4 7. Bd2 Bxc3 8. bxc3 f5 9. exf6 Qxf6 10. O-O O-O 11. Be1 Ng5 12. Nxg5 Qxg5 13. f3 Nc6 14. Bg3 Rac8 15. Qe2 Ne7 16. Rae1 Nd5 17. Qe4 Qh6 18. c4 a5 19. a3 Rce8 20. cxd5 Bxd5 21. Qh4 Qxh4 22. Bxh4 Rf4 23. Bf2 d6 24. h4 Rff8 25. Kh2 Bc6 26. Bc4 Kf7 27. Re3 b5 28. Ba2 Re7 29. Rfe1 Rfe8 30. h5 g5 31. hxg6+ hxg6 32. Bh4 Rh8 33. Kg3 Ree8 34. Rxe6 Rxe6 35. Bxe6+ Kg7 36. d5 Be8 37. Bg4 Rf8 38. Bg5 Bf7 39. Re7 Kg8 40. Be6 b4 41. axb4 a4 42. Rxc7 Bxe6 43. dxe6 Ra8 44. Bf6 a3 45. Rg7+ Kf8 46. Rh7 1-0


[Site "https://www.chess.com"]

[Event "Titled Tuesday Blitz February 22 Late 2022"]
[White "Lin, Dachey"]
[Black "Tan, Jun Ying"]
[WhiteFideId "2029650"]
[BlackFideId "5710413"]
[WhiteElo "2726"]
[BlackElo "1827"]
[Result "0-1"]
[Round "04"]
[TimeControl "180+1"]
[Date "2022.02.23"]
[WhiteClock "0:00:59"]
[BlackClock "0:00:03"]

1. g4 h5 2. g5 e5 3. d4 Nc6 4. d5 Nce7 5. e4 Ng6 6. h4 Bc5 7. Ne2 d6 8. Ng3 Bg4 9. Be2 Qd7 10. Nc3 O-O-O 11. Nxh5 Bxe2 12. Qxe2 f5 13. exf5 Qxf5 14. Nxg7 Qf7 15. Ne6 Nf4 16. Bxf4 exf4 17. Nxd8 Kxd8 18. O-O-O Ne7 19. Kb1 Nf5 20. h5 Re8 21. Qg4 Bxf2 22. Qxf4 Be3 23. Qg4 Re5 24. h6 Qg6 25. h7 Re8 26. h8=Q Rxh8 27. Rxh8+ Ke7 28. Qe4+ Kd7 29. Rf1 Ne7 30. Rff8 c6 0-1


[Site "https://www.chess.com"]

[Event "Titled Tuesday Blitz February 22 Late 2022"]
[White "Liu, Leonardo"]
[Black "Sliwicki, Damian"]
[WhiteFideId "30965780"]
[BlackFideId "1127128"]
[WhiteElo "2224"]
[BlackElo "2084"]
[Result "0-1"]
[Round "04"]
[TimeControl "180+1"]
[Date "2022.02.23"]
[WhiteClock "0:00:18"]
[BlackClock "0:00:09"]

1. e4 c5 2. Nc3 g6 3. g3 Bg7 4. Bg2 Nc6 5. d3 d6 6. Be3 Nf6 7. h3 O-O 8. Nge2 e5 9. O-O b6 10. Qd2 Nd4 11. f4 Nh5 12. g4 Nxe2+ 13. Nxe2 Nxf4 14. Nxf4 exf4 15. Bxf4 Bb7 16. c3 d5 17. e5 Qd7 18. Rae1 d4 19. c4 Bxg2 20. Qxg2 Rae8 21. Qd5 Qe7 22. Re2 Qh4 23. Qg2 Kh8 24. Bg3 Qg5 25. Rfe1 Re6 26. Qf2 Qe7 27. Bh4 Qc7 28. Bf6 Bxf6 29. exf6 Rfe8 30. Rxe6 fxe6 31. g5 Kg8 32. Qf3 Kf7 33. Re4 Qc6 34. Qg3 Qd7 35. Rh4 Kg8 36. Qe5 Qf7 37. Re4 Kf8 38. Qd6+ Kg8 39. a3 Kh8 40. b4 cxb4 41. axb4 h6 42. h4 hxg5 43. hxg5 Kg8 44. Rh4 e5 45. Re4 Qe6 46. Qc7 Qf5 47. Qxa7 Qxg5+ 48. Kf2 Qxf6+ 49. Ke2 Rf8 50. Kd1 Qf1+ 51. Re1 Qxd3+ 52. Kc1 Qc3+ 53. Kd1 Qd3+ 54. Kc1 Qxc4+ 55. Kd1 Qd3+ 56. Kc1 Qc3+ 57. Kd1 Qd3+ 58. Kc1 Qc4+ 59. Kd1 Qb3+ 60. Kc1 Rc8+ 61. Kd2 Qc2# 0-1


[Site "https://www.chess.com"]